General information
- name: BNet
- type: Ladder team game (AT/RT)
- host: Battle.net
- saver: iggy_the_fisk
map: Deadlock
- players: 8
- length: 16:04
- speed: Fast
- version: 1.21 W3XP
- replay type:

» download(183 KB)
Players
team 1 (loser)
gas-ch3-ch2-oh (
yellow | 50 APM | 803 actions | 15:59)
3 Death Knight
2 Death Coil
1 Unholy Aura
1 Lich
1 Frost Nova
» actions
| Assign group hotkey | 9 | |
| Build / train | 32 | |
| Enter build submenu | 16 | |
| Enter hero's abilities submenu | 4 | |
| Right click | 497 | |
| Select / deselect | 211 | |
| Select group hotkey | 4 | |
| Use ability | 30 | |
803 total
» units
| Acolyte | 2 | |
| Ghoul | 2 | |
| Crypt Fiend | 11 | |
| Frost Wyrm | 3 | |
18 total
» upgrades
| Creature Attack | 1 | |
| Creature Carapace | 1 | |
2 total
» buildings
| Crypt | 1 | |
| Graveyard | 1 | |
| Ziggurat | 5 | |
| Altar of Darkness | 2 | |
| Nerubian Tower | 1 | |
| Tomb of Relics | 2 | |
| Halls of the Dead | 1 | |
| Black Citadel | 1 | |
| Sacrificial Pit | 1 | |
| Spirit Tower | 2 | |
| Boneyard | 1 | |
18 total
» build order
00:24 Crypt
00:34 Graveyard
00:44 Ziggurat
01:06 Altar of Darkness
01:36 Nerubian Tower
01:51 Tomb of Relics
02:28 Ziggurat
04:03 Halls of the Dead
05:37 Ziggurat
05:44 Ziggurat
06:52 Black Citadel
06:57 Sacrificial Pit
08:43 Spirit Tower
08:47 Ziggurat
10:13 Boneyard
10:48 Tomb of Relics
14:07 Spirit Tower
14:15 Altar of Darkness
» items
m.T- (
red | 97 APM | 1095 actions | 11:13)
2 Far Seer
1 Feral Spirit
1 Chain Lighting
1 Tauren Chieftain
1 Shockwave
» actions
| Assign group hotkey | 18 | |
| Basic commands | 31 | |
| Build / train | 36 | |
| Enter build submenu | 14 | |
| Enter hero's abilities submenu | 3 | |
| Remove unit from queue | 3 | |
| Right click | 559 | |
| Select / deselect | 194 | |
| Select group hotkey | 191 | |
| Use ability | 46 | |
1095 total
» units
| Peon | 11 | |
| Grunt | 6 | |
| Demolisher | 1 | |
| Tauren | 1 | |
19 total
» upgrades
| Berserker Strength | 1 | |
| Witch Doctor Training | 2 | |
3 total
» buildings
| Altar of Storms | 1 | |
| Orc Burrow | 4 | |
| Barracks | 1 | |
| Voodoo Lounge | 2 | |
| Stronghold | 1 | |
| War Mill | 1 | |
| Fortress | 1 | |
| Spirit Lodge | 1 | |
| Great Hall | 1 | |
| Tauren Totem | 2 | |
15 total
» build order
00:12 Altar of Storms
00:24 Orc Burrow
00:40 Barracks
01:34 Orc Burrow
01:55 Voodoo Lounge
01:57 Voodoo Lounge
03:01 Stronghold
03:49 Orc Burrow
04:21 War Mill
06:30 Fortress
06:34 Spirit Lodge
07:31 Great Hall
07:49 Orc Burrow
08:52 Tauren Totem
08:57 Tauren Totem
» items
| Healing Salve | 3 | |
| Lesser Clarity Potion | 2 | |
| Scroll of Speed | 1 | |
6 total

»
mage_bibi (
purple | 53 APM | 836 actions | 15:53)
3 Lich
2 Frost Nova
1 Dark Ritual
» actions
| Assign group hotkey | 17 | |
| Build / train | 32 | |
| Enter build submenu | 11 | |
| Enter hero's abilities submenu | 4 | |
| Remove unit from queue | 1 | |
| Right click | 417 | |
| Select / deselect | 176 | |
| Select group hotkey | 151 | |
| Use ability | 27 | |
836 total
» units
| Acolyte | 7 | |
| Ghoul | 2 | |
| Crypt Fiend | 4 | |
| Obsidian Statue | 6 | |
19 total
» upgrades
| Creature Attack | 1 | |
| Creature Carapace | 1 | |
| Destroyer Form | 1 | |
3 total
» buildings
| Graveyard | 1 | |
| Crypt | 1 | |
| Ziggurat | 6 | |
| Altar of Darkness | 1 | |
| Nerubian Tower | 1 | |
| Halls of the Dead | 1 | |
| Slaughterhouse | 2 | |
| Black Citadel | 1 | |
| Tomb of Relics | 1 | |
| Spirit Tower | 1 | |
16 total
» build order
00:10 Graveyard
00:20 Crypt
00:40 Ziggurat
01:11 Altar of Darkness
01:20 Ziggurat
03:02 Nerubian Tower
03:38 Halls of the Dead
06:34 Slaughterhouse
06:35 Slaughterhouse
07:21 Ziggurat
07:32 Ziggurat
08:36 Black Citadel
08:39 Tomb of Relics
08:46 Ziggurat
09:08 Spirit Tower
14:06 Ziggurat
» items

»
rouille (
pink | 69 APM | 1115 actions | 16:02)
3 Shadow Hunter
1 Serpent Ward
2 Healing Wave
2 Tauren Chieftain
1 Shockwave
1 Endurance Aura
» actions
| Assign group hotkey | 38 | |
| Basic commands | 10 | |
| Build / train | 46 | |
| Enter build submenu | 15 | |
| Enter hero's abilities submenu | 5 | |
| Give item / drop item | 1 | |
| Right click | 480 | |
| Select / deselect | 304 | |
| Select group hotkey | 156 | |
| Use ability | 60 | |
1115 total
» units
| Peon | 6 | |
| Troll Headhunter/Berserker | 16 | |
| Troll Witch Doctor | 3 | |
| Tauren | 3 | |
28 total
» upgrades
| Ranged Weapons | 1 | |
| Troll Regeneration | 1 | |
| Witch Doctor Training | 3 | |
| Armor | 1 | |
| Berserker Upgrade | 1 | |
7 total
» buildings
| Altar of Storms | 1 | |
| Orc Burrow | 7 | |
| Barracks | 1 | |
| War Mill | 1 | |
| Voodoo Lounge | 1 | |
| Stronghold | 1 | |
| Spirit Lodge | 2 | |
| Fortress | 1 | |
| Tauren Totem | 1 | |
16 total
» build order
00:12 Altar of Storms
00:24 Orc Burrow
00:58 Barracks
01:36 War Mill
01:44 Orc Burrow
02:48 Voodoo Lounge
03:38 Stronghold
03:59 Orc Burrow
05:13 Orc Burrow
06:17 Spirit Lodge
07:17 Fortress
08:47 Orc Burrow
10:02 Tauren Totem
11:30 Spirit Lodge
12:56 Orc Burrow
13:33 Orc Burrow
» items
| Healing Salve | 1 | |
| Potion of Healing | 1 | |
2 total
team 2 (winner)
AlasPoorYorick (
blue | 166 APM | 2666 actions | 16:03)
4 Demon Hunter
2 Mana Burn
2 Evasion
3 Priestess of the Moon
2 Trueshot Aura
1 Searing Arrows
» actions
| Assign group hotkey | 27 | |
| Basic commands | 69 | |
| Build / train | 52 | |
| Enter build submenu | 13 | |
| Enter hero's abilities submenu | 7 | |
| Right click | 1305 | |
| Select / deselect | 399 | |
| Select group hotkey | 742 | |
| Use ability | 52 | |
2666 total
» units
| Wisp | 11 | |
| Archer | 11 | |
| Centaur Outrunner | 1 | |
| Dryad | 7 | |
| Druid of the Claw | 3 | |
33 total
» upgrades
| Improved Bows | 1 | |
| Abolish Magic | 1 | |
| Druid of the Claw Training | 2 | |
| Mark of the Claw | 1 | |
5 total
» buildings
| Altar of Elders | 1 | |
| Moon Well | 6 | |
| Ancient of War | 1 | |
| Ancient of Wonders | 1 | |
| Tree of Ages | 1 | |
| Hunter's Hall | 1 | |
| Ancient of Lore | 2 | |
| Tree of Eternity | 1 | |
14 total
» build order
00:04 Altar of Elders
00:18 Moon Well
00:47 Ancient of War
01:25 Moon Well
01:39 Ancient of Wonders
03:36 Moon Well
04:02 Tree of Ages
05:33 Hunter's Hall
06:23 Moon Well
06:40 Ancient of Lore
07:50 Moon Well
09:51 Ancient of Lore
09:53 Tree of Eternity
12:41 Moon Well
» items
| Boots of Speed | 1 | |
| Scroll of Town Portal | 1 | |
| Staff of Preservation | 1 | |
3 total
CRYTEARSOFBLOOD (
orange | 208 APM | 3336 actions | 16:03)
3 Archmage
2 Summon Water Elemental
1 Brilliance Aura
2 Mountain King
1 Storm Bolt
1 Bash
» actions
| Assign group hotkey | 48 | |
| Basic commands | 112 | |
| Build / train | 78 | |
| Enter build submenu | 35 | |
| Enter hero's abilities submenu | 5 | |
| Remove unit from queue | 1 | |
| Right click | 1264 | |
| Select / deselect | 521 | |
| Select group hotkey | 1185 | |
| Use ability | 86 | |
3336 total
» units
| Peasant | 12 | |
| Footman | 15 | |
| Sorceress | 6 | |
| Mortar Team | 6 | |
39 total
» upgrades
| Defend | 1 | |
| Flare | 1 | |
| Sorceress Training | 1 | |
| Gunpowder | 1 | |
| Plating | 1 | |
5 total
» buildings
| Altar of Kings | 1 | |
| Farm | 9 | |
| Barracks | 2 | |
| Keep | 3 | |
| Scout Tower | 4 | |
| Blacksmith | 1 | |
| Arcane Tower | 4 | |
| Workshop | 2 | |
| Arcane Sanctum | 1 | |
| Arcane Vault | 1 | |
| Town Hall | 1 | |
| Lumber Mill | 1 | |
| Castle | 4 | |
34 total
» build order
00:06 Altar of Kings
00:10 Farm
00:14 Barracks
00:48 Farm
01:32 Farm
01:36 Farm
02:21 Barracks
02:44 Farm
04:00 Keep
04:00 Keep
05:56 Farm
05:58 Scout Tower
06:07 Blacksmith
06:36 Arcane Tower
06:37 Arcane Tower
06:37 Arcane Tower
07:23 Workshop
07:24 Workshop
07:25 Arcane Sanctum
07:52 Arcane Vault
08:30 Town Hall
08:34 Scout Tower
08:37 Scout Tower
08:45 Farm
08:47 Farm
10:16 Arcane Tower
11:57 Lumber Mill
12:25 Scout Tower
12:35 Farm
16:01 Castle
16:01 Castle
» items
| Scroll of Regeneration | 2 | |
| Scroll of Town Portal | 1 | |
| Lesser Clarity Potion | 1 | |
4 total
iggy_the_fisk (
green | 95 APM | 1522 actions | 16:04)
3 Archmage
2 Summon Water Elemental
1 Brilliance Aura
3 Mountain King
2 Storm Bolt
1 Bash
» actions
| Assign group hotkey | 161 | |
| Basic commands | 51 | |
| Build / train | 63 | |
| Enter build submenu | 22 | |
| Enter hero's abilities submenu | 7 | |
| Remove unit from queue | 1 | |
| Right click | 657 | |
| Select / deselect | 245 | |
| Select group hotkey | 227 | |
| Use ability | 88 | |
1522 total
» units
| Peasant | 14 | |
| Footman | 9 | |
| Sorceress | 3 | |
| Priest | 5 | |
| Spell Breaker | 6 | |
37 total
» upgrades
| Defend | 1 | |
| Sorceress Training | 1 | |
| Masonry | 1 | |
| Magic Sentry | 1 | |
| Long Rifles | 0 | |
| Priest Training | 1 | |
| Lumber Harvesting | 1 | |
6 total
» buildings
| Altar of Kings | 1 | |
| Barracks | 1 | |
| Farm | 9 | |
| Scout Tower | 5 | |
| Keep | 1 | |
| Arcane Tower | 1 | |
| Arcane Sanctum | 2 | |
| Arcane Vault | 1 | |
| Lumber Mill | 1 | |
| Town Hall | 2 | |
| Guard Tower | 6 | |
| Castle | 1 | |
31 total
» build order
00:04 Altar of Kings
00:18 Barracks
00:26 Farm
01:02 Farm
01:33 Farm
02:26 Scout Tower
02:59 Keep
03:00 Arcane Tower
03:57 Farm
05:27 Arcane Sanctum
05:28 Arcane Sanctum
05:51 Arcane Vault
06:23 Farm
06:37 Farm
07:25 Lumber Mill
09:11 Town Hall
09:18 Farm
10:14 Scout Tower
10:33 Guard Tower
10:34 Scout Tower
11:02 Guard Tower
11:05 Scout Tower
11:36 Guard Tower
11:36 Guard Tower
11:37 Scout Tower
13:03 Guard Tower
13:28 Castle
13:59 Town Hall
14:08 Farm
14:16 Farm
» items
NUTSONYOCHIN.de (
teal | 185 APM | 2974 actions | 16:03)
4 Demon Hunter
2 Mana Burn
2 Evasion
3 Keeper of the Grove
2 Entangling Roots
1 Thorns Aura
» actions
| Assign group hotkey | 17 | |
| Basic commands | 118 | |
| Build / train | 49 | |
| ESC pressed | 2 | |
| Enter build submenu | 13 | |
| Enter hero's abilities submenu | 8 | |
| Right click | 1224 | |
| Select / deselect | 167 | |
| Select group hotkey | 1326 | |
| Use ability | 50 | |
2974 total
» units
» upgrades
| Abolish Magic | 2 | |
| Ultravision | 1 | |
| Strength of the Wild | 1 | |
| Reinforced Hides | 1 | |
5 total
» buildings
| Altar of Elders | 1 | |
| Moon Well | 5 | |
| Hunter's Hall | 1 | |
| Ancient of War | 1 | |
| Tree of Ages | 1 | |
| Ancient of Lore | 3 | |
| Ancient of Wonders | 1 | |
| Tree of Life | 1 | |
| Tree of Eternity | 1 | |
15 total
» build order
00:05 Altar of Elders
00:21 Moon Well
01:27 Hunter's Hall
01:43 Ancient of War
01:57 Moon Well
02:59 Tree of Ages
03:14 Moon Well
04:43 Moon Well
05:56 Ancient of Lore
05:57 Ancient of Lore
06:00 Ancient of Wonders
06:05 Ancient of Lore
07:08 Moon Well
07:46 Tree of Life
12:08 Tree of Eternity
» items
| Scroll of Town Portal | 2 | |
| Staff of Preservation | 1 | |
| Potion of Healing | 1 | |
4 total
Chat log
(00:46 / All) NUTSONYOCHIN.de: )
(00:53 / All) AlasPoorYorick: pp?
(00:59 / All) NUTSONYOCHIN.de: pp ok
(00:59 / All) iggy_the_fisk: UA?
(01:06 / All) AlasPoorYorick: uzbekistan?
(02:03 / All) iggy_the_fisk: da U - Z- B the country so good they named an input interface after it
(02:07 / All) iggy_the_fisk: but they misspelled...
(09:43 / All) CRYTEARSOFBLOOD: PRO
(10:50 / All) iggy_the_fisk: ty for free win number 2
(10:54 / All) CRYTEARSOFBLOOD: wow
(10:56 / All) CRYTEARSOFBLOOD: u guyz r just bad
(11:02 / All) mage_bibi: np
(11:39 / All) iggy_the_fisk: aargh
(11:44 / All) iggy_the_fisk: all this piercing and magic damage
(11:48 / All) iggy_the_fisk: gonna own our ne base
(11:50 / All) iggy_the_fisk: then imagine
(11:53 / All) iggy_the_fisk: when me morhp to destro
(11:55 / All) iggy_the_fisk: Own all ur yad
(12:00 / All) iggy_the_fisk: mage_nobi still biggest noob
(12:03 / All) iggy_the_fisk: Is always the ud
(12:04 / All) mage_bibi: noob
(12:06 / All) mage_bibi: ahahaha
(12:07 / All) mage_bibi: tp noob
(12:09 / All) mage_bibi: MOUAAAA
(12:19 / All) iggy_the_fisk: damn u suck purp
(12:23 / All) NUTSONYOCHIN.de: u havin a seizure son
(12:24 / All) mage_bibi: bye loser
(12:49 / All) iggy_the_fisk: Ud always biggest noobs
(14:34 / All) AlasPoorYorick: bow
(14:44 / All) iggy_the_fisk: hiya purp
(14:46 / All) iggy_the_fisk: huge ud noob
(15:20 / All) iggy_the_fisk: www.highper.ch thanks
(15:25 / All) iggy_the_fisk: maye learn a thing or two
(15:50 / All) mage_bibi: bye noob
(15:55 / All) CRYTEARSOFBLOOD: bye bye
(15:56 / All) NUTSONYOCHIN.de: rOIFL